[Event "Titled Tuesday Blitz May 23 Early 2023"]
[White "Grigoriants, Sergey"]
[Black "Rottenwohrer Suarez, Juan"]
[WhiteFideId "4130804"]
[BlackFideId "32068182"]
[WhiteElo "2502"]
[BlackElo "2174"]
[Result "1-0"]
[Round "04"]
[TimeControl "180+2"]
[Date "2023.05.23"]
[WhiteClock "0:00:02"]
[BlackClock "0:00:00"]

1. d4 Nf6 2. c4 g6 3. f3 Bg7 4. e4 d6 5. Nc3 c6 6. Nge2 a6 7. Be3 b5 8. Qd2 Nbd7 9. Ng3 Bb7 10. Be2 e5 11. O-O O-O 12. Rad1 h5 13. a3 Kh7 14. dxe5 dxe5 15. b4 Qe7 16. Qd6 Qxd6 17. Rxd6 Rfd8 18. Rfd1 Bf8 19. R6d2 Be7 20. a4 Bxb4 21. Rc2 Bxc3 22. Rxc3 b4 23. Rcd3 a5 24. Bg5 Rdc8 25. Rxd7 Nxd7 26. Rxd7 Ba6 27. Rxf7+ Kg8 28. Rd7 b3 29. Nf1 Rab8 30. Nd2 b2 31. Bd3 Rb4 32. Bf6 Rxa4 33. Bxe5 Rb4 34. Bc3 Rb7 35. Rxb7 Bxb7 36. Bxb2 Rd8 37. Kf2 Rxd3 38. Ke2 Rd8 39. Nb3 a4 40. Nc5 Rb8 41. Be5 Ra8 42. Nxb7 a3 43. Nc5 a2 44. Nb3 Ra3 45. Na1 Kf7 46. h4 Ke6 47. Bd4 Ra4 48. Kd3 Ra8 49. c5 Rd8 50. f4 Rd7 51. g3 Rb7 52. Kc4 Rb1 53. Kd3 Rf1 54. Ke3 Rb1 55. Kf3 Rd1 56. Be5 Rd3+ 57. Ke2 Rb3 58. Nxb3 1-0


[Site "https://www.chess.com"]

[Event "Titled Tuesday Blitz May 23 Early 2023"]
[White "Kushko, Dmitriy"]
[Black "Ramirez Vido, Robert Yorisan"]
[WhiteFideId "14162261"]
[BlackFideId "3513823"]
[WhiteElo "2230"]
[BlackElo "2440"]
[Result "1-0"]
[Round "04"]
[TimeControl "180+2"]
[Date "2023.05.23"]
[WhiteClock "0:00:04"]
[BlackClock "0:00:00"]

1. f4 d5 2. Nf3 Nf6 3. g3 Bg4 4. Bg2 Bxf3 5. Bxf3 c6 6. O-O Nbd7 7. d4 e6 8. c3 h5 9. Nd2 Qb6 10. Qb3 Qc7 11. e4 dxe4 12. Nxe4 Nxe4 13. Bxe4 Nf6 14. Bf3 Bd6 15. Be3 h4 16. c4 hxg3 17. hxg3 g5 18. c5 Be7 19. Kg2 g4 20. Be2 Nd5 21. Bf2 f5 22. Rh1 O-O-O 23. Rae1 Bf6 24. Bc4 Qf7 25. Qd1 Kd7 26. b4 Qg7 27. b5 Rxh1 28. Rxh1 Rh8 29. bxc6+ bxc6 30. Qd2 Rxh1 31. Kxh1 Qh7+ 32. Kg1 Qh8 33. Qb2 Qd8 34. Be1 Qc7 35. a4 Ne3 36. Ba2 Nd5 37. a5 Qc8 38. Bc4 Qc7 39. a6 Ne3 40. Be2 Nd5 41. Qb7 Qxb7 42. axb7 Kc7 43. Ba6 Kb8 44. Bf2 Nc7 45. Bc4 Kxb7 46. Kf1 a5 47. Ke2 Nd5 48. Kd3 a4 49. Be1 a3 50. Ba2 Ka6 51. Bd2 Kb5 52. Bb3 Nc7 53. Bc4+ Ka4 54. Bc3 Nb5 55. Bxe6 Nxc3 56. Kxc3 1-0


[Site "https://www.chess.com"]

[Event "Titled Tuesday Blitz May 23 Early 2023"]
[White "Mikhailovsky, Vladimir"]
[Black "Zacurdajev, Dmitry"]
[WhiteFideId "34105414"]
[BlackFideId "4196309"]
[WhiteElo "2271"]
[BlackElo "2240"]
[Result "0-1"]
[Round "04"]
[TimeControl "180+2"]
[Date "2023.05.23"]
[WhiteClock "0:00:00"]
[BlackClock "0:00:08"]

1. e4 c6 2. Nf3 d5 3. d3 e6 4. Qe2 Nf6 5. g3 Be7 6. Bg2 O-O 7. O-O c5 8. e5 Nfd7 9. h4 Nc6 10. Re1 b5 11. a4 b4 12. h5 h6 13. Nbd2 Nd4 14. Nxd4 cxd4 15. Nf3 Qb6 16. Bf4 a5 17. Nh2 b3 18. Ng4 Kh7 19. c3 dxc3 20. bxc3 Rd8 21. Qd2 Bf8 22. c4 Bb7 23. cxd5 Bxd5 24. Bxd5 exd5 25. d4 Bb4 26. Qd3+ Kh8 27. Reb1 Rac8 28. Rxb3 Rc4 29. Be3 Qe6 30. Nh2 Rdc8 31. Kg2 Rc3 32. Rxc3 Rxc3 33. Qb5 Qf5 34. Qxd5 Nf8 35. Qf3 Qd7 36. Rd1 Qxa4 37. d5 Qd7 38. Ng4 Bc5 39. Qe4 Bxe3 40. Nxe3 a4 41. Ra1 a3 42. Qb4 Qc7 43. Qxf8+ Kh7 44. d6 Qb7+ 45. Kh2 Rxe3 46. fxe3 Qb2+ 47. Kh3 Qxa1 48. Qxf7 Qh1+ 49. Kg4 Qe4+ 50. Qf4 Qd5 51. Qf5+ Kh8 52. d7 Qd1+ 53. Qf3 Qxd7+ 54. Qf5 Qd1+ 55. Kh4 Qh1+ 56. Kg4 Qd1+ 57. Kh4 Qa4+ 58. Kh3 a2 59. Qf8+ Kh7 60. Qf5+ Kg8 61. Qe6+ Kf8 62. Qd6+ Ke8 63. Qe6+ Kd8 64. Qg8+ Kc7 65. Qxg7+ Qd7+ 0-1


[Site "https://www.chess.com"]

[Event "Titled Tuesday Blitz May 23 Early 2023"]
[White "Gatterer, Florian"]
[Black "Srihari L R"]
[WhiteFideId "811688"]
[BlackFideId "46617116"]
[WhiteElo "2221"]
[BlackElo "2334"]
[Result "0-1"]
[Round "04"]
[TimeControl "180+2"]
[Date "2023.05.23"]
[WhiteClock "0:00:04"]
[BlackClock "0:01:14"]

1. b3 a5 2. Bb2 a4 3. b4 e6 4. a3 Nf6 5. e3 c5 6. b5 b6 7. c4 Bb7 8. Nf3 d6 9. Be2 Be7 10. Nc3 d5 11. Nxa4 O-O 12. d3 Nbd7 13. Nc3 Re8 14. Qc2 d4 15. exd4 cxd4 16. Nxd4 Ne5 17. Ne4 Nxe4 18. dxe4 Qc7 19. O-O Rac8 20. Rfc1 Bf6 21. a4 Red8 22. Nf3 Bxe4 23. Qb3 Bxf3 24. gxf3 Rd2 25. Rc2 Rxc2 26. Qxc2 Ng6 27. Bxf6 gxf6 28. a5 bxa5 29. Rb1 Qb6 30. Qe4 Rc5 31. Bf1 Rg5+ 32. Kh1 Qxf2 33. Bh3 Ne5 34. Rf1 Qb2 35. f4 Ng4 36. fxg5 Qxh2# 0-1


[Site "https://www.chess.com"]

[Event "Titled Tuesday Blitz May 23 Early 2023"]
[White "Tarasova, Viktoriya"]
[Black "Prohaszka, Peter"]
[WhiteFideId "4175840"]
[BlackFideId "726265"]
[WhiteElo "2182"]
[BlackElo "2626"]
[Result "0-1"]
[Round "04"]
[TimeControl "180+2"]
[Date "2023.05.23"]
[WhiteClock "0:00:05"]
[BlackClock "0:00:05"]

1. d4 d5 2. c4 c6 3. Nf3 Nf6 4. Nc3 dxc4 5. a4 Bf5 6. Ne5 Nbd7 7. Nxc4 Nb6 8. Ne5 a5 9. f3 Nfd7 10. Nxd7 Nxd7 11. e4 Bg6 12. Be2 e5 13. dxe5 Bb4 14. Be3 O-O 15. O-O h6 16. Qc2 Nxe5 17. f4 Nd7 18. Rad1 Qe7 19. Bd3 Nc5 20. f5 Bh7 21. f6 gxf6 22. Bxh6 Rfd8 23. Rf3 Bg6 24. Rdf1 Nxd3 25. Rxd3 Qe5 26. Rdf3 Bxc3 27. Qxc3 Bxe4 28. Rxf6 Qxc3 29. bxc3 Rd7 30. h4 Re8 31. R6f4 Kh7 32. Bg5 f5 33. g4 fxg4 34. Rf7+ Rxf7 35. Rxf7+ Kg6 36. Rf6+ Kg7 37. Rd6 Bf5 38. Rd4 Be6 39. Kf2 Kg6 40. Kg3 Rf8 41. Rd6 Rf3+ 42. Kg2 Kf5 43. Kg1 Rxc3 44. Rd1 Bd5 45. Rf1+ Bf3 46. Re1 Rc2 47. Re7 Rg2+ 48. Kf1 Ra2 49. Rxb7 Rxa4 50. Rf7+ Ke6 51. Rf6+ Ke5 52. h5 Ra2 53. Rf8 Ra1+ 54. Kf2 Rh1 55. h6 Rh2+ 56. Kf1 Rh3 57. Rg8 g3 58. Kg1 Rh1# 0-1


[Site "https://www.chess.com"]

[Event "Titled Tuesday Blitz May 23 Early 2023"]
[White "Melikyan, Gnel"]
[Black "Sargissyan, Sargis"]
[WhiteFideId "54109990"]
[BlackFideId "13303210"]
[WhiteElo "2138"]
[BlackElo "2109"]
[Result "1/2-1/2"]
[Round "04"]
[TimeControl "180+2"]
[Date "2023.05.23"]
[WhiteClock "0:00:49"]
[BlackClock "0:00:18"]

1. e4 c5 2. Nf3 d6 3. Bb5+ Nd7 4. O-O Nf6 5. Re1 a6 6. Bf1 e5 7. c3 Be7 8. Na3 O-O 9. Nc2 Re8 10. h3 Bf8 11. b3 d5 12. exd5 Nxd5 13. Bb2 e4 14. Nh2 N7f6 15. Ne3 Nf4 16. c4 Bd6 17. Nhg4 Nxg4 18. Nxg4 Bc7 19. d4 exd3 20. Rxe8+ Qxe8 21. Bxd3 Be6 22. Bc2 Qc6 23. Ne3 Rd8 24. Qe1 Qd6 25. Nf1 Bxh3 26. Rd1 Qc6 27. Rxd8+ Bxd8 28. Qe4 Qxe4 29. Bxe4 Bc8 30. Ne3 g6 31. Kf1 f5 32. Bf3 Kf7 33. Be5 Ne6 34. Bd5 Bf6 35. Bd6 Be7 36. Be5 Bf6 37. Bb8 Bd4 38. Nc2 Ke7 39. Ba7 Kd6 40. Bxe6 Bxe6 41. Nxd4 cxd4 42. Bxd4 g5 43. Ke2 f4 44. Kd2 Bf5 45. g3 fxg3 46. fxg3 h5 47. Be3 h4 48. Bxg5 hxg3 49. Bf4+ Kc6 50. Bxg3 Be6 51. Kc3 Bg8 52. Kd4 Bf7 53. a4 b5 54. cxb5+ axb5 55. a5 Bxb3 56. Kc3 Bd5 57. Kb4 Kb7 58. Bf2 Bc4 59. Bb6 Ka8 60. Kc5 Bf1 61. Kc6 Be2 62. Kc7 Bf1 63. Bc5 Be2 64. Kb6 Bf1 65. a6 Bg2 66. Bb4 Bf1 67. Ka5 Be2 68. Bc5 Bf1 69. a7 Be2 70. Kb4 Bf1 71. Kc3 Be2 72. Kd2 Bf1 73. Bd4 Bh3 74. Ke3 Be6 75. Ke4 Bc4 76. Ke5 b4 77. Bc5 b3 78. Bd4 Bd3 79. Kf4 Bc4 80. Ke3 Bg8 81. Kd2 Bf7 82. Kc3 Bg8 83. Kb2 Bf7 84. Kc3 Bg8 85. Kb2 Bf7 86. Kc3 1/2-1/2


[Site "https://www.chess.com"]

[Event "Titled Tuesday Blitz May 23 Early 2023"]
[White "Filgueira, Hernan"]
[Black "Mazurkiewicz, Michal"]
[WhiteFideId "101770"]
[BlackFideId "1124943"]
[WhiteElo "2363"]
[BlackElo "2054"]
[Result "1-0"]
[Round "04"]
[TimeControl "180+2"]
[Date "2023.05.23"]
[WhiteClock "0:00:17"]
[BlackClock "0:00:01"]

1. c4 Nf6 2. Nc3 g6 3. g3 Bg7 4. Bg2 O-O 5. Nf3 c5 6. O-O Nc6 7. d3 Rb8 8. Bf4 d6 9. Qd2 Re8 10. Bh6 Bh8 11. h3 a6 12. Ng5 Nd4 13. e4 b5 14. b3 b4 15. Ne2 Nxe2+ 16. Qxe2 Nd7 17. Rad1 f6 18. Ne6 Qa5 19. f4 Ne5 20. fxe5 Bxe6 21. exd6 exd6 22. Bf4 Rbd8 23. g4 Bg7 24. Rf3 d5 25. cxd5 Bxd5 26. Rdf1 f5 27. gxf5 gxf5 28. Rg3 Kh8 29. Rxg7 Kxg7 30. Qb2+ Kg6 31. exd5 Rg8 32. Re1 Qb5 33. Re6+ Kf7 34. Qf6# 1-0


[Site "https://www.chess.com"]

[Event "Titled Tuesday Blitz May 23 Early 2023"]
[White "bubeliang"]
[Black "Vargas, Gabriela"]
[BlackFideId "3700860"]
[WhiteElo "2598"]
[BlackElo "2057"]
[Result "1-0"]
[Round "04"]
[TimeControl "180+2"]
[Date "2023.05.23"]
[WhiteClock "0:00:51"]
[BlackClock "0:00:10"]

1. e4 e6 2. d3 d5 3. Qe2 Nf6 4. Nf3 b6 5. g3 dxe4 6. dxe4 Ba6 7. Qe3 Bxf1 8. Kxf1 Bc5 9. Qe2 Nc6 10. Kg2 Nd4 11. Nxd4 Qxd4 12. Nc3 Qd7 13. Bg5 h6 14. Bxf6 gxf6 15. Qf3 Bd4 16. e5 Rd8 17. Rad1 fxe5 18. Ne4 Qe7 19. c3 f5 20. cxd4 fxe4 21. Qxe4 exd4 22. Rxd4 Rxd4 23. Qxd4 Rf8 24. Re1 Qf6 25. Qe3 h5 26. Qxe6+ Qxe6 27. Rxe6+ Kd7 28. Re5 h4 29. f4 hxg3 30. hxg3 Kd6 31. Kf3 c5 32. g4 Rh8 33. Re2 Rh3+ 34. Ke4 Rg3 35. Kf5 b5 36. Rd2+ Kc6 37. g5 c4 38. Kf6 b4 39. f5 c3 40. bxc3 bxc3 41. Rd1 c2 42. Rc1 Rg2 43. g6 Kd5 44. g7 Kd4 45. Rxc2 Rxc2 46. g8=Q Rc6+ 47. Qe6 1-0


[Site "https://www.chess.com"]

[Event "Titled Tuesday Blitz May 23 Early 2023"]
[White "Ziatdinov, Raset"]
[Black "Sielecki, Christof"]
[WhiteFideId "2015323"]
[BlackFideId "4620437"]
[WhiteElo "2220"]
[BlackElo "2443"]
[Result "0-1"]
[Round "04"]
[TimeControl "180+2"]
[Date "2023.05.23"]
[WhiteClock "0:00:00"]
[BlackClock "0:00:23"]

1. e4 c5 2. Nf3 a6 3. d4 cxd4 4. Nxd4 Nf6 5. Nc3 e5 6. Nb3 Bb4 7. Bg5 h6 8. Bd2 d6 9. f3 Be6 10. Bd3 O-O 11. Qe2 Nc6 12. Qf2 d5 13. exd5 Nxd5 14. Nxd5 Qxd5 15. O-O-O Bxd2+ 16. Rxd2 Nd4 17. Kb1 Rfd8 18. Rhd1 a5 19. c3 Nxb3 20. Bh7+ Kxh7 21. Rxd5 Bf5+ 22. R1d3 Rxd5 23. axb3 Bxd3+ 24. Ka2 a4 25. b4 Bc4+ 26. Ka3 Bb3 27. Qe3 Rd1 28. b5 f6 29. Qe4+ Kh8 30. Qxb7 Rdd8 31. Qe4 Rab8 32. Qb4 Rd5 33. b6 Rd7 34. c4 Rd4 35. b7 Bxc4 36. Qb6 Bb3 37. Qa7 Rdd8 38. Kb4 Bd5 39. Kc5 Rxb7 40. Qxa4 Rc7+ 41. Kb6 Rb7+ 42. Kc5 Bf7 43. b4 Kg8 44. b5 Rdb8 0-1


[Site "https://www.chess.com"]

[Event "Titled Tuesday Blitz May 23 Early 2023"]
[White "Hoffmann, Asa"]
[Black "hakanazeri2"]
[WhiteFideId "2001470"]
[WhiteElo "2117"]
[BlackElo "2593"]
[Result "1-0"]
[Round "04"]
[TimeControl "180+2"]
[Date "2023.05.23"]
[WhiteClock "0:01:09"]
[BlackClock "0:00:02"]

1. d4 e6 2. e4 d5 3. e5 c5 4. Nf3 cxd4 5. Qxd4 Nc6 6. Qf4 Nge7 7. Bd3 Ng6 8. Qg3 Qc7 9. O-O Ncxe5 10. Nxe5 Qxe5 11. Bxg6 Qxg3 12. Bxf7+ Kxf7 13. fxg3+ Ke8 14. Be3 Bd6 15. Nd2 e5 16. c4 d4 17. Ne4 Be7 18. Bd2 Be6 19. b3 Rc8 20. Rae1 h6 21. Nf2 Bf6 22. Nd3 Kd8 23. Nxe5 Re8 24. Nd3 b5 25. cxb5 Rc2 26. Ba5+ Kd7 27. Rf2 Rec8 28. Bb4 Rxf2 29. Kxf2 Bd5 30. Re2 Rc7 31. Nf4 Bf7 32. Rd2 Rb7 33. Bc3 Rxb5 34. Bxd4 Bxd4+ 35. Rxd4+ Ke7 36. Ra4 a5 37. Ne2 Rc5 38. Nd4 Bg6 39. Rxa5 Rc3 40. Rb5 Kf6 41. a4 Be4 42. a5 Rd3 43. Nf3 Rc3 44. a6 Rc2+ 45. Ke3 Ba8 46. a7 Bd5 1-0


[Site "https://www.chess.com"]

[Event "Titled Tuesday Blitz May 23 Early 2023"]
[White "HamedWafa4"]
[Black "Urquhart, Ed"]
[BlackFideId "2603748"]
[WhiteElo "2592"]
[BlackElo "2184"]
[Result "1-0"]
[Round "04"]
[TimeControl "180+2"]
[Date "2023.05.23"]
[WhiteClock "0:00:22"]
[BlackClock "0:00:00"]

1. e4 c5 2. Nf3 e6 3. d3 Nc6 4. Nbd2 Nge7 5. g3 d5 6. Bg2 g6 7. O-O Bg7 8. Re1 O-O 9. h4 b5 10. h5 b4 11. Nf1 a5 12. e5 a4 13. N1h2 Bb7 14. Bg5 Qd7 15. Ng4 Rfc8 16. Qd2 Qc7 17. Nf6+ Kh8 18. Bh6 Nf5 19. Bxg7+ Kxg7 20. g4 Nfd4 21. Nxd4 cxd4 22. Qg5 h6 23. Qf4 g5 24. Qg3 Nxe5 25. Rxe5 Kxf6 26. f4 Qxc2 27. Rf1 Ke7 28. fxg5 hxg5 29. Rxg5 Rg8 30. Qe5 Rxg5 31. Qxg5+ Kd7 32. Rxf7+ Kc6 33. Qe7 Rb8 34. Qc7+ 1-0


[Site "https://www.chess.com"]

[Event "Titled Tuesday Blitz May 23 Early 2023"]
[White "Melikhov, Evgeny V."]
[Black "Spitzl, Vinzent"]
[WhiteFideId "4122046"]
[BlackFideId "12901253"]
[WhiteElo "2158"]
[BlackElo "2225"]
[Result "0-1"]
[Round "04"]
[TimeControl "180+2"]
[Date "2023.05.23"]
[WhiteClock "0:00:00"]
[BlackClock "0:00:54"]

1. d4 Nf6 2. c4 e6 3. Nc3 d5 4. cxd5 exd5 5. Bg5 Bb4 6. e3 h6 7. Bh4 O-O 8. Bd3 Nbd7 9. Ne2 Re8 10. O-O c6 11. Qc2 Nf8 12. a3 Be7 13. Rae1 Ne4 14. Bxe7 Qxe7 15. f3 Nxc3 16. Nxc3 Ne6 17. Qf2 Qf6 18. Ne2 Bd7 19. e4 dxe4 20. fxe4 Qxf2+ 21. Rxf2 Rad8 22. Bc4 Bc8 23. Bxe6 Rxe6 24. e5 Re7 25. b4 Bg4 26. Rf4 Bxe2 27. Rxe2 Red7 28. Rd2 Rd5 29. Re4 a5 30. Kf2 Kf8 31. Ke3 Ke7 32. Rf4 Ke6 33. Rdf2 R8d7 34. h4 axb4 35. axb4 Rb5 36. Rb2 Kd5 37. Kd3 Ke6 38. Kc4 Rbd5 39. Rbf2 b6 40. g4 Rc7 41. Kd3 c5 42. bxc5 bxc5 43. g5 hxg5 44. hxg5 Rcd7 45. g6 Rxd4+ 46. Rxd4 Rxd4+ 47. Ke3 fxg6 48. Rg2 Kf5 49. Rf2+ Kxe5 50. Rf7 g5 51. Rxg7 g4 52. Rg5+ Kd6 53. Rg8 Kc6 54. Rb8 Kd5 55. Rd8+ Kc4 56. Rb8 Kc3 57. Rc8 c4 0-1


[Site "https://www.chess.com"]

[Event "Titled Tuesday Blitz May 23 Early 2023"]
[White "Nikologorskiy, Konstantin"]
[Black "Goswami, Vedant"]
[WhiteFideId "24111708"]
[BlackFideId "5003725"]
[WhiteElo "2273"]
[BlackElo "2011"]
[Result "1-0"]
[Round "04"]
[TimeControl "180+2"]
[Date "2023.05.23"]
[WhiteClock "0:01:31"]
[BlackClock "0:00:11"]

1. d4 d6 2. Nf3 g6 3. c4 Bg7 4. Nc3 Bg4 5. e4 Nc6 6. d5 Nd4 7. Be2 Bxf3 8. Bxf3 e5 9. dxe6 fxe6 10. O-O Ne7 11. Be3 c5 12. Bg4 Qd7 13. Bxd4 cxd4 14. Ne2 Nc6 15. Nf4 Nd8 16. Ne2 Nc6 17. b4 d3 18. Qxd3 Bxa1 19. Rxa1 Ne5 20. Qh3 Nxg4 21. Qxg4 O-O 22. Nd4 Rae8 23. Nf3 Qf7 24. Rd1 Qf4 25. Qh3 Qxe4 26. Ng5 1-0


[Site "https://www.chess.com"]

[Event "Titled Tuesday Blitz May 23 Early 2023"]
[White "Kopczynski, Michal"]
[Black "Bayo Milagro, Alvaro"]
[WhiteFideId "1124200"]
[BlackFideId "22275240"]
[WhiteElo "2212"]
[BlackElo "2270"]
[Result "0-1"]
[Round "04"]
[TimeControl "180+2"]
[Date "2023.05.23"]
[WhiteClock "0:00:37"]
[BlackClock "0:00:24"]

1. e4 c5 2. d4 cxd4 3. c3 Nf6 4. Bd3 Nc6 5. f4 d5 6. e5 Ne4 7. Nf3 Bg4 8. O-O dxc3 9. Nxc3 Qb6+ 10. Kh1 Nf2+ 11. Rxf2 Qxf2 12. Nxd5 Rc8 13. Be3 Bxf3 14. gxf3 Qh4 15. Qb3 Qh3 16. Be4 e6 17. Qxb7 exd5 18. f5 dxe4 19. Qxc8+ Nd8 20. Kg1 Qxf3 21. Bf2 Be7 22. Re1 O-O 23. Re3 Qd1+ 24. Kg2 Ne6 25. Qb7 Nf4+ 26. Kg3 Nh5+ 27. Kg2 Qg4+ 28. Kf1 Bg5 29. Rxe4 Qxf5 30. Kg2 Nf4+ 31. Kg1 Qg4+ 32. Kf1 Qd1+ 33. Re1 Qd3+ 34. Kg1 Nh3+ 35. Kg2 Nxf2 36. Kxf2 Bh4+ 0-1


[Site "https://www.chess.com"]

[Event "Titled Tuesday Blitz May 23 Early 2023"]
[White "Shuvalov, Evgenij"]
[Black "Real_taiatai"]
[WhiteFideId "4187237"]
[WhiteElo "2080"]
[BlackElo "2337"]
[Result "0-1"]
[Round "04"]
[TimeControl "180+2"]
[Date "2023.05.23"]
[WhiteClock "0:00:16"]
[BlackClock "0:00:20"]

1. d4 d5 2. c4 e6 3. Nc3 c6 4. e4 dxe4 5. Nxe4 Bb4+ 6. Bd2 Qxd4 7. Bxb4 Qxe4+ 8. Ne2 Na6 9. Bf8 Ne7 10. Bxg7 Rg8 11. Qd4 Qxd4 12. Bxd4 Nb4 13. O-O-O b6 14. Ng3 c5 15. Bf6 Bb7 16. a3 Nbc6 17. Ne4 Nf5 18. h3 Rg6 19. g4 Ncd4 20. gxf5 Bxe4 21. fxg6 Nb3# 0-1


[Site "https://www.chess.com"]

[Event "Titled Tuesday Blitz May 23 Early 2023"]
[White "Ginzburg, Yakov"]
[Black "Theytookourjobs"]
[WhiteFideId "4157176"]
[WhiteElo "2305"]
[BlackElo "2339"]
[Result "0-1"]
[Round "04"]
[TimeControl "180+2"]
[Date "2023.05.23"]
[WhiteClock "0:00:00"]
[BlackClock "0:00:11"]

1. d4 e6 2. g3 f5 3. d5 e5 4. Bg2 d6 5. h4 Nf6 6. Nh3 Be7 7. c4 O-O 8. Nc3 a5 9. Bg5 Nbd7 10. Qc2 Nc5 11. O-O-O a4 12. Kb1 Bd7 13. Be3 b6 14. Ng5 Ng4 15. Bxc5 bxc5 16. Nh3 Qb8 17. Rd3 Qb4 18. Nd1 e4 19. Rd2 Bf6 20. a3 Qb6 21. Ng5 Rfb8 22. f3 e3 23. Rd3 Nf2 24. Nc3 Nxd3 25. exd3 Qb3 26. Qxb3 Rxb3 27. Nd1 Rab8 28. Re1 Bxb2 29. Kc2 Bd4 30. Bh3 Rxa3 31. g4 Ra2+ 32. Kc1 Ra1+ 33. Kc2 Ra2+ 34. Kc1 a3 35. gxf5 Rh2 36. f6 Bxh3 37. f7+ Kf8 0-1


[Site "https://www.chess.com"]

[Event "Titled Tuesday Blitz May 23 Early 2023"]
[White "Belov, Alexei"]
[Black "Todorovic, Bojan"]
[WhiteFideId "4128206"]
[BlackFideId "917087"]
[WhiteElo "2494"]
[BlackElo "2266"]
[Result "1/2-1/2"]
[Round "04"]
[TimeControl "180+2"]
[Date "2023.05.23"]
[WhiteClock "0:00:08"]
[BlackClock "0:00:17"]

1. e4 g6 2. d4 Bg7 3. Nc3 d6 4. f4 a6 5. a4 b6 6. Nf3 Bb7 7. Be3 Nd7 8. Bc4 e6 9. O-O Ne7 10. d5 exd5 11. Nxd5 Nxd5 12. Bxd5 Bxd5 13. exd5 O-O 14. Bd4 Nf6 15. Re1 Qd7 16. Qd3 b5 17. axb5 axb5 18. h3 Rfe8 19. Rxe8+ Qxe8 20. Re1 Qd7 21. b3 b4 22. Qc4 Ra2 23. Qxb4 h5 24. c4 h4 25. Ng5 Ra8 26. Qb7 Re8 27. Rxe8+ Nxe8 28. Bxg7 Kxg7 29. Nf3 Qf5 30. Qb8 Nf6 31. Qxc7 Qxf4 32. Qe7 Ne4 33. Qxh4 Qe3+ 34. Kh2 Nf6 35. Qd4 Qxb3 36. Ng5 Qc2 37. Nh7 Kxh7 38. Qxf6 Kg8 39. Qxd6 Qxc4 40. Qe5 Qc5 41. Qe8+ Kg7 42. Qe5+ Kg8 43. Kg3 Qa3+ 44. Kh2 Qc5 1/2-1/2


[Site "https://www.chess.com"]

[Event "Titled Tuesday Blitz May 23 Early 2023"]
[White "Toktomushev, Teimur"]
[Black "Kozak, Adam"]
[WhiteFideId "14176726"]
[BlackFideId "753246"]
[WhiteElo "2116"]
[BlackElo "2469"]
[Result "0-1"]
[Round "04"]
[TimeControl "180+2"]
[Date "2023.05.23"]
[WhiteClock "0:00:01"]
[BlackClock "0:00:45"]

1. d4 Nf6 2. c4 e6 3. Nf3 b6 4. g3 Bb7 5. Bg2 Bb4+ 6. Bd2 Be7 7. O-O O-O 8. Re1 d5 9. cxd5 exd5 10. Bf4 Nbd7 11. Nc3 Re8 12. Rc1 c6 13. Ne5 Nh5 14. e3 g6 15. Bh3 Nxe5 16. Bxe5 Bc8 17. Bg2 Be6 18. e4 Rc8 19. exd5 cxd5 20. Nxd5 Bf8 21. Rxc8 Bxc8 22. Nf4 Nxf4 23. Bxf4 Rxe1+ 24. Qxe1 Qxd4 25. Be5 Qc4 26. Bc3 Qxa2 27. Qe5 Qb1+ 28. Bf1 f6 29. Qxf6 Ba6 30. Qh8+ Kf7 31. Qxh7+ Ke8 32. h4 Qxf1+ 33. Kh2 Qxf2+ 34. Kh3 Bc8+ 35. g4 Qf3+ 36. Kh2 Bd6+ 37. Kg1 Bc5+ 38. Kh2 Qe2+ 39. Kh3 Qxg4+ 40. Kh2 Qh3# 0-1


[Site "https://www.chess.com"]

[Event "Titled Tuesday Blitz May 23 Early 2023"]
[White "Boyer, Mahel"]
[Black "Khromkin, Andrey"]
[WhiteFideId "45102422"]
[BlackFideId "4154126"]
[WhiteElo "2439"]
[BlackElo "2425"]
[Result "0-1"]
[Round "04"]
[TimeControl "180+2"]
[Date "2023.05.23"]
[WhiteClock "0:01:25"]
[BlackClock "0:01:26"]

1. d4 d5 2. Nf3 a6 3. g3 b5 4. Bg2 Bb7 5. O-O Nd7 6. Nbd2 e6 7. Re1 Ngf6 8. Ne5 Bd6 9. e4 dxe4 10. Nxe4 Nxe4 11. Bxe4 Bxe4 12. Rxe4 Nxe5 13. dxe5 Bc5 14. Qg4 h5 15. Qxg7 Qd1+ 16. Kg2 O-O-O 17. Qxf7 Rdf8 18. Qxe6+ Kb8 19. Be3 Qf3+ 20. Kg1 Bxe3 21. fxe3 Qxe4 22. Qxa6 Qxe3+ 23. Kg2 Qe2+ 24. Kh3 h4 25. Re1 hxg3+ 26. Kxg3 Qf3# 0-1


[Site "https://www.chess.com"]

[Event "Titled Tuesday Blitz May 23 Early 2023"]
[White "Kaczur, Florian"]
[Black "Mestnikov, Aisen"]
[WhiteFideId "705098"]
[BlackFideId "34130117"]
[WhiteElo "2485"]
[BlackElo "1971"]
[Result "1-0"]
[Round "04"]
[TimeControl "180+2"]
[Date "2023.05.23"]
[WhiteClock "0:01:49"]
[BlackClock "0:00:28"]

1. e4 e5 2. Nf3 Nc6 3. Na3 Bxa3 4. bxa3 Nf6 5. d3 d5 6. exd5 Nxd5 7. Bb2 f6 8. d4 e4 9. Nd2 O-O 10. Bc4 Kh8 11. O-O e3 12. Bxd5 exf2+ 13. Rxf2 Qxd5 14. c4 Qg5 15. Nf3 Qh5 16. d5 Na5 17. Qd4 Bg4 18. Bc3 b6 19. Bxa5 bxa5 20. h3 Bxf3 21. Rxf3 Rfe8 22. Re3 Re7 23. Rxe7 1-0


[Site "https://www.chess.com"]

[Event "Titled Tuesday Blitz May 23 Early 2023"]
[White "Smirnov, Pavel"]
[Black "Golubev, Mikhail"]
[WhiteFideId "4123425"]
[BlackFideId "14100983"]
[WhiteElo "2520"]
[BlackElo "2374"]
[Result "1-0"]
[Round "04"]
[TimeControl "180+2"]
[Date "2023.05.23"]
[WhiteClock "0:01:37"]
[BlackClock "0:00:00"]

1. d4 Nf6 2. c4 g6 3. g3 Bg7 4. Nf3 O-O 5. Bg2 d6 6. O-O Nbd7 7. Nc3 e5 8. b3 Re8 9. e4 exd4 10. Nxd4 Nc5 11. f3 Nfd7 12. Be3 f5 13. Qd2 fxe4 14. fxe4 c6 15. Kh1 Ne5 16. h3 Bd7 17. Rad1 Qa5 18. Nde2 Rad8 19. Bg5 Rc8 20. Bf6 Bxf6 21. Rxf6 Rf8 22. Rxf8+ Rxf8 23. Qxd6 Nf7 24. Qd4 Bc8 25. Qe3 Ne6 26. Nf4 Ne5 27. a4 Qb6 28. Qxb6 axb6 29. Nce2 Nc5 30. Nc1 g5 31. Nfe2 g4 32. h4 Rf2 33. Rd8+ 1-0


[Site "https://www.chess.com"]

[Event "Titled Tuesday Blitz May 23 Early 2023"]
[White "Tristan, Leonardo"]
[Black "Petrova, Irina"]
[WhiteFideId "113816"]
[BlackFideId "14124122"]
[WhiteElo "2461"]
[BlackElo "2084"]
[Result "1-0"]
[Round "04"]
[TimeControl "180+2"]
[Date "2023.05.23"]
[WhiteClock "0:00:17"]
[BlackClock "0:00:22"]

1. d4 d6 2. e4 Nf6 3. Nc3 e5 4. Nf3 Nbd7 5. Bc4 Be7 6. O-O c6 7. a4 h6 8. Re1 Qc7 9. a5 O-O 10. Ba2 Re8 11. d5 Bf8 12. Nd2 b5 13. dxc6 Qxc6 14. Nd5 Bb7 15. a6 Bxa6 16. Nb4 Qb7 17. Nxa6 b4 18. Nf1 Rec8 19. f3 Be7 20. Ne3 Kf8 21. Bd5 Nxd5 22. Nxd5 Nf6 23. Naxb4 Nxd5 24. Nxd5 Bd8 25. b3 Bb6+ 26. Kh1 Bd4 27. Ra4 Qb5 28. Ba3 Rc6 29. Qe2 Qb7 30. Rc4 Rac8 31. c3 Bc5 32. Bxc5 dxc5 33. Qa2 Qb5 34. Qa4 Qb7 35. Ra1 a6 36. b4 cxb4 37. Rxc6 Rxc6 38. Qxb4+ Qxb4 39. cxb4 Rc4 40. Kg1 Rc6 41. Kf2 f6 42. Ke3 Kf7 43. Kd3 Ke6 44. Ra5 g6 45. Rxa6 Rxa6 46. Nc7+ Kd7 47. Nxa6 Kc6 48. Nc5 Kb5 49. Kc3 f5 50. Nd7 f4 51. Nxe5 g5 52. Nf7 h5 53. Nxg5 1-0


[Site "https://www.chess.com"]

[Event "Titled Tuesday Blitz May 23 Early 2023"]
[White "Sadubayev, Airat"]
[Black "Bogaudinov, Rushan"]
[WhiteFideId "13713264"]
[BlackFideId "4129288"]
[WhiteElo "2157"]
[BlackElo "1941"]
[Result "0-1"]
[Round "04"]
[TimeControl "180+2"]
[Date "2023.05.23"]
[WhiteClock "0:00:00"]
[BlackClock "0:00:43"]

1. d4 Nf6 2. c4 e6 3. Nf3 Bb4+ 4. Bd2 a5 5. g3 O-O 6. Bg2 d5 7. O-O dxc4 8. a3 Be7 9. Qc2 Bd7 10. Qxc4 Bc6 11. Rc1 Nbd7 12. Ne5 Nxe5 13. dxe5 Nd5 14. e4 Nb6 15. Qe2 Na4 16. b3 Nc5 17. Rc3 a4 18. b4 Nb3 19. Ra2 Qd7 20. Rac2 Rfd8 21. Be3 Qd1+ 22. Bf1 Bxe4 23. Rxc7 Qxb1 24. Rxe7 Bxc2 25. Qb5 Bd3 26. Re8+ Rxe8 27. Qxd3 Qxd3 28. Bxd3 Red8 29. Bb5 Rd5 30. Bc4 Rxe5 31. Bf4 Re4 32. Bd3 Rxf4 33. gxf4 Rd8 34. Bb5 Nd2 35. Bxa4 Nb1 36. Bc2 Nxa3 37. Bb3 Nb5 38. Bc4 Nd4 39. Bd3 Nc6 40. Be4 Rd4 41. Bg2 Rxb4 0-1


[Site "https://www.chess.com"]